 Dungeon Crawl Stone Soup version 0.31.0-11-ge490571c62 (webtiles) character file.

Game seed: 1553013744118654383

142 qw the Skirmisher (level 5, -1/29 HPs)
             Began as a Deep Elf Hunter on Feb 4, 2024.
             Slain by an orc
             ... wielding a +0 flail
              (7 damage)
             ... on level 3 of the Dungeon.
             The game lasted 00:00:07 (1991 turns).

qw the Skirmisher (Deep Elf Hunter)                 Turns: 1991, Time: 00:00:08

Health: -1/29      AC:  6    Str: 10    XL:     5   Next: 3%
Magic:  7/7        EV:  9    Int: 14    God:
Gold:   101        SH:  0    Dex: 18    Spells: 4/4 levels left

rFire   . . .        a - +0 shortbow
rCold   . . .        (shield currently unavailable)
rNeg    . . .        d - +0 scale mail
rPois   .            (no helmet)
rElec   .            (no cloak)
rCorr   .            (no gloves)
SInv    .            (no boots)
Will    .....        (no amulet)
Stlth   +            (no ring)
HPRegen 0.24/turn    (no ring)
MPRegen 0.10/turn

%: no passive effects
@: no status effects
A: no striking features
a: no special abilities


You were on level 3 of the Dungeon.
You visited 1 branch of the dungeon, and saw 3 of its levels.

You collected 101 gold pieces.


   Skills:
 - Level 1.5 Fighting
 + Level 8.4 Ranged Weapons
 - Level 2.4 Dodging
 - Level 1.2 Stealth


You had 4 spell levels left.
You didn't know any spells.
Your spell library was empty.

Inventory:

Hand Weapons
 a - a +0 shortbow (weapon)
Armour
 d - a +0 scale mail (worn)
Jewellery
 b - a ring of fire
 m - a +5 ring of evasion
Scrolls
 j - a scroll of immolation {unknown}
 l - a scroll of blinking {unknown}
 n - a scroll of fog {unknown}
Potions
 c - a potion of brilliance {unknown}
 e - a potion of magic {unknown}
 f - a potion of might {unknown}
 g - 2 potions of resistance
 h - 2 potions of curing {unknown}
 i - a potion of mutation {unknown}
 k - a potion of berserk rage {unknown}

Dungeon Overview and Level Annotations

Branches:
Dungeon (3/15)

Altars:

Shops:
D:1 (


Message History

You see here 6 stones.
You now have 101 gold pieces (gained 11).
h - 2 lumpy green potions (gained 1)
m - a +5 ring of evasion
Enter note:
Enter note:
Found 6 stones.
n - a scroll labelled YMEUTUMUEL
Found a book of Sloth. 2 orcs come into view.
The orc shouts! x2
An orc priest comes into view. It is wielding a +0 falchion.
You shoot an arrow. The arrow closely misses the orc.
The arrow barely misses the orc priest.
The orc priest shouts!
An orc comes into view. It is wielding a +0 flail.
You shoot an arrow. The arrow hits the orc!
The orc is almost dead.
You shoot an arrow. The arrow barely misses the orc. x2
You shoot an arrow. The arrow closely misses the orc.
The orc barely misses you.
You shoot an arrow. The arrow barely misses the orc.
You shoot an arrow. The arrow closely misses the orc.
The orc barely misses you. The orc hits you with a +0 falchion.
You shoot an arrow. The arrow hits the orc!
You kill the orc!
The orc closely misses you.
You shoot an arrow. The arrow hits the orc.
You kill the orc!
The orc hits you with a +0 flail.
The orc priest invokes the aid of Beogh against you.
Beogh smites you!
Ouch! That really hurt!
The orc barely misses you.
You shoot an arrow. The arrow closely misses the orc.
The orc hits you but does no damage.
You shoot an arrow. The arrow hits the orc priest.
The orc priest is heavily wounded.
The orc hits you with a +0 flail!
You die...

###.....+..........
..##....#...........#
#.#######...........#
.%..................#
....................#
....................#
....................#
....................#
................@o..#
...........(.####o......
.............####.......
###.........#...'.......
#.........#.###.......
#.........#.# .....:.
###.........#.# .......
............#.# .......
............#..


You could see an orc priest and an orc.

Vanquished Creatures
  Jessica (D:2)
  A gnoll (D:1)
  2 adders
  4 dart slugs
  A ribbon worm (D:2)
  3 orcs (D:3)
  7 ball pythons
  5 endoplasms
  3 giant cockroaches
  5 goblins
  6 hobgoblins
  6 jackals
  3 kobolds
  2 quokkas (D:1)
  8 bats
  7 frilled lizards
  4 rats
68 creatures vanquished.

Notes
Turn   | Place    | Note
-------+----------+-------------------------------------------
     0 | D:1      | qw the Deep Elf Hunter began the quest for the Orb.
     0 | D:1      | Reached XP level 1. HP: 12/12 MP: 3/3
     0 | D:1      | 0 ||| qw: Version: 0.3-a-160-g6735b56
     0 | D:1      | 0 ||| qw: Game counter: 4435
     0 | D:1      | 0 ||| qw: Melee chars always use a shield: true
     0 | D:1      | 0 ||| qw: God list: Okawaru
     0 | D:1      | 0 ||| qw: Allow faded altars: false
     0 | D:1      | 0 ||| qw: Do Orc after clearing Dungeon:15 true
     0 | D:1      | 0 ||| qw: Do second Lair branch before Depths: true
     0 | D:1      | 0 ||| qw: Lair rune preference: random
     0 | D:1      | 0 ||| qw: Goals: Normal
     0 | D:1      | 0 ||| PLANNING D:1-11
    94 | D:1      | Reached XP level 2. HP: 16/16 MP: 4/4
   100 | D:1      | Reached skill level 6 in Ranged Weapons
   110 | D:1      | HP: 4/16 [quokka (3)]
   211 | D:1      | Found Onuyduuj's Antique Weapon Shoppe.
   262 | D:1      | Reached XP level 3. HP: 20/20 MP: 5/5
   447 | D:1      | Reached skill level 7 in Ranged Weapons
   751 | D:1      | 751 ||| UPGRADING to +0 scale mail.
   761 | D:1      | 761 ||| DROPPING +0 leather armour.
   762 | D:1      | 762 ||| READING scroll labelled TANYIRPHOSO.
   863 | D:1      | 863 ||| READING scroll labelled PEAMIY FIMO.
   863 | D:1      | 863 ||| ENCHANTING +0 shortbow.
   864 | D:1      | 864 ||| READING scroll labelled KUOGHUGARO.
   865 | D:1      | 865 ||| READING scroll labelled OHAP HUOCUPP.
   866 | D:1      | 866 ||| READING scroll labelled ATACANLE FENOZ.
   867 | D:1      | 867 ||| DRINKING 2 viscous blue potions.
   868 | D:1      | 868 ||| DRINKING 2 brown potions.
   914 | D:1      | 914 ||| DROPPING scroll of butterflies.
   915 | D:1      | 915 ||| DROPPING potion of lignification.
   950 | D:2      | 950 ||| STAIRDANCE
  1129 | D:2      | Reached XP level 4. HP: 25/25 MP: 6/6
  1261 | D:2      | Identified the +8 short sword "Buebock" {protect, Fly
                  | rCorr}
  1339 | D:2      | Noticed Jessica
  1346 | D:2      | Killed Jessica
  1347 | D:2      | Reached skill level 8 in Ranged Weapons
  1898 | D:3      | Reached XP level 5. HP: 29/29 MP: 7/7
  1989 | D:3      | HP: 5/29 [orc priest/divine providence (15)]
  1991 | D:3      | Slain by an orc

Levels and vault maps discovered:
D:1:      lemuel_arrival_funnel, layout_basic, serial_shops,
          nicolae_shop_peninsula, serial_bayou_pond_b, hex_intersection,
          nicolae_eternal_life
D:2:      layout_loops_ring, uniq_jessica
D:3:      layout_basic

Skill      XL: |  1  2  3  4 |
---------------+-------------+-----
Ranged Weapons | 6 7 8 |  8.4
Fighting       | |  1.5
Dodging        | |  2.4
Stealth        | |  1.2

Action                     |  1- 3 |  4- 6 || total
---------------------------+-------+-------++-------
   Fire: Shortbow          |   107 |    80 ||   187
    Use: Scroll            |     5 |       ||     5
         Potion            |     2 |       ||     2
 Armour: Leather armour    |    21 |       ||    21
         Scale mail        |     8 |    23 ||    31
  Dodge: Dodged            |    39 |    17 ||    56

Table legend:
 A = Non-vault XP
 B = Vault XP
 C = Vault XP percentage of total XP
 D = Non-vault monster count
 E = Vault monster count
 F = Vault count percentage of total count
                 A         B        C        D         E       F
            +---------+---------+-------+---------+---------+-------
      Total |     166 |      37 |  18.2 |      67 |       1 |   1.5
            +---------+---------+-------+---------+---------+-------
        D:1 |      67 |       0 |   0.0 |      31 |       0 |   0.0
        D:2 |      59 |      37 |  38.5 |      23 |       1 |   4.2
        D:3 |      40 |       0 |   0.0 |      13 |       0 |   0.0
            +---------+---------+-------+---------+---------+-------
